[Event "Late-Titled-Tuesday-Blitz-June-04-2024"]
[Site "Chess.com"]
[Date "2024.06.04"]
[Round "2"]
[White "ImportedItalianMaple"]
[Black "JSPrepz"]
[Result "0-1"]
[WhiteElo "2548"]
[BlackElo "2833"]
[TimeControl "180+1"]
[EndTime "14:18:04 PDT"]
[Termination "JSPrepz won by resignation"]

1. e4 e5 2. Nc3 Nf6 3. Bc4 Nxe4 4. Qh5 Nd6 5. Qxe5+ Qe7 6. Qxe7+ Bxe7 7. Be2 c6 8. d4 Nf5 9. d5 O-O 10. Nf3 d6 11.
Bf4 Re8 12. O-O-O c5 13. g4 Nh4 14. Nxh4 Bxh4 15. Bxd6 Bxf2 16. Rhf1 Be3+ 17. Kb1 Na6 18.
Bb5 Rd8 19. Be7 Bxg4 20. Rde1 Bd2 21. Re4 f5 22. Bxa6 fxe4 23. Nxe4 bxa6 24. Bxd8 Rxd8 25. Nxd2 Rxd5 26. Rf2 h5 27. c4 Rd4 28. b3 h4 29.
Kb2 h3 30. Kc3 a5 31. Nf1 Re4 32. Ng3 Re5 33. Kd3 Kh7 34. Rf4 Be6 35. Re4 Rxe4 36. Kxe4 Kg6 37. Ke5 Bc8 38. Ne4 Kh5 39. Nxc5 Kg4 40.
Ke4 g5 41. Ke3 Kf5 42. Kf2 Ke5 43. Nd3+ Kd4 44. Ne1 Kc3 45. c5 Kb2 46. c6 Kxa2 47. Nd3 Kxb3 48. Nc5+ Kc4 49. Ne4 a4 50. c7 Kd5 51.
Nc3+ Kc6 52. Nxa4 Kxc7 53. Kg3 Kc6 54. Nc3 a5 55. Ne4 g4 0-1

[Event "Late-Titled-Tuesday-Blitz-June-04-2024"]
[Site "Chess.com"]
[Date "2024.06.04"]
[Round "2"]
[White "NMJeevanK"]
[Black "MaxLeto"]
[Result "1-0"]
[WhiteElo "2733"]
[BlackElo "2443"]
[TimeControl "180+1"]
[EndTime "14:18:04 PDT"]
[Termination "NMJeevanK won on time"]

1. e4 c5 2. Nf3 d6 3. b3 Nf6 4. d3 g6 5. Bb2 Bg7 6. Nbd2 Nc6 7.
Rb1 O-O 8. Be2 b5 9. O-O e5 10. c3 b4 11. Nc4 a5 12. Re1 h6 13. Bf1 Be6 14. h3 Qc7 15. Rc1 Rfb8 16. Ba1 bxc3 17. Bxc3 Ne8 18. Ne3 Qa7 19. Qd2 a4 20. bxa4 Qxa4 21.
Rc2 Nc7 22. Nc4 Nb5 23. Rec1 Bf8 24. Ba1 Nb4 25. Rb2 Nxa2 26. Rcb1 Nb4 27. Be2 Nd4 28. Nxd4 exd4 29. Bd1 Qa6 30. Bb3 Bg7 31. f4 Qc6 32. g4 Bc8 33. f5 g5 34. Rf1 Ba6 35.
Rbb1 Bf6 36. h4 Bxc4 37. Bxc4 Kg7 38. Qh2 Be5 39. Qd2 f6 40. Bb2 Ra7 41. Bc1 Rba8 42. hxg5 hxg5 43. Qg2 Rh8 44. Rf2 Raa8 45. Qf3 Rh4 46.
Kf1 Rah8 47. Ke2 Rh3 48. Qg2 Qa4 49. Bd2 Qc2 50. Rc1 Qb2 51. Qf1 Kf8 52. Qd1 Kg7 53.
Qa4 Re3+ 54. Kf1 Rh1+ 55. Kg2 Rxc1 56. Qd7+ Kh6 57. Bxe3 1-0

[Event "Late-Titled-Tuesday-Blitz-June-04-2024"]
[Site "Chess.com"]
[Date "2024.06.04"]
[Round "2"]
[White "gabduschew"]
[Black "Artyom_ChessMate"]
[Result "0-1"]
[WhiteElo "2322"]
[BlackElo "2538"]
[TimeControl "180+1"]
[EndTime "14:18:04 PDT"]
[Termination "Artyom_ChessMate won on time"]

1. e4 c5 2. Nf3 d6 3. d4 cxd4 4. Nxd4 Nf6 5. Bd3 g6 6. c4 Bg7 7. Nc2 O-O 8. Nc3 Nc6 9. O-O b6 10. Rb1 Bb7 11. Qe2 Rc8 12. b3 Ne5 13. Bb2 Nxd3 14.
Qxd3 Qd7 15. Nd5 Nxd5 16. exd5 b5 17. Bxg7 Kxg7 18. Nd4 a6 19. Rfe1 Rfe8 20. h4 h5 21. Nf3 Qg4 22. Re4 Qf5 23. Rbe1 bxc4 24. bxc4 Rc7 25.
Qd4+ Qf6 26. Qxf6+ Kxf6 27. Ng5 e5 28. f4 Rec8 29.
fxe5+ dxe5 30. Rxe5 Rxc4 31. Re7 Bxd5 32. Rd7 Rc1 33.
Rf1+ Rxf1+ 34. Kxf1 Rc1+ 35. Kf2 Rc2+ 36. Ke3 Be6 37.
Rd2 Rxd2 38. Kxd2 Bxa2 39. Kc3 Bd5 40. Kb4 Bxg2 41. Ka5 Bf1 42. Kb4 Bb5 43. Kc5 Be8 44. Kb6 Kf5 45. Kxa6 Kg4 46. Ne4 Kxh4 47. Nf6 Bc6 48. Kb6 Bf3 49. Kc5 g5 50. Kd4 g4 51.
Ke3 Kg5 52. Nh7+ Kg6 53. Nf8+ Kf5 54. Nd7 h4 55. Kf2 Kf4 56. Nc5 g3+ 57. Kf1 h3 58. Nd3+ Ke3 59. Ne1 h2 60. Nxf3 Kxf3 0-1

[Event "Late-Titled-Tuesday-Blitz-June-04-2024"]
[Site "Chess.com"]
[Date "2024.06.04"]
[Round "2"]
[White "jcibarra"]
[Black "bazar-wokzal"]
[Result "1-0"]
[WhiteElo "2922"]
[BlackElo "2582"]
[TimeControl "180+1"]
[EndTime "14:18:05 PDT"]
[Termination "jcibarra won by resignation"]

1. d3 e5 2. c4 Nc6 3. Nf3 f5 4. g3 Nf6 5. Bg2 h6 6. O-O d6 7. Nc3 g5 8. Rb1 Bg7 9. b4 O-O 10. b5 Ne7 11. c5 f4 12. cxd6 cxd6 13. Ba3 Be6 14. Nd2 Qd7 15. Nde4 Nf5 16. Qa4 Rfc8 17.
Rfc1 a6 18. b6 Qd8 19. Nxf6+ Bxf6 20. Bxb7 Rxc3 21. Rxc3 Rb8 22. Be4 Nd4 23. Kf1 Nb5 24.
Rc6 Rxb6 25. Rbc1 d5 26. Bf3 g4 27. Bg2 f3 28. exf3 gxf3 29. Bxf3 Rxc6 30. Rxc6 Nd4 31. Rxe6 Nxe6 32. Qc6 Nd4 33. Qxd5+ Qxd5 34. Bxd5+ Kg7 35. Bb4 Bd8 36. Bc4 a5 37. Bc3 Kf6 38. f4 Bc7 39.
Bxd4 exd4 40. Kf2 Kf5 41. Kf3 Bd6 42. g4+ Kf6 43. h3 Bb4 44. h4 Bd2 45. Bd5 Bc1 46.
g5+ hxg5 47. hxg5+ Kg7 48. Kg4 Be3 49. f5 Kf8 50. f6 1-0

[Event "Late-Titled-Tuesday-Blitz-June-04-2024"]
[Site "Chess.com"]
[Date "2024.06.04"]
[Round "2"]
[White "ENajer77"]
[Black "andrejljepic"]
[Result "1-0"]
[WhiteElo "2850"]
[BlackElo "2407"]
[TimeControl "180+1"]
[EndTime "14:18:05 PDT"]
[Termination "ENajer77 won on time"]

1. d4 e6 2. e4 d5 3. Nc3 dxe4 4.
Nxe4 Nd7 5. Nf3 Ngf6 6. Bd3 c5 7. O-O Nxe4 8. Bxe4 Nf6 9. Bg5 cxd4 10. Nxd4 Be7 11.
Bf3 O-O 12. Qd3 Qb6 13. Rfd1 Rd8 14. Qc4 Bd7 15. Qb3 Qc7 16. c3 Rab8 17. g3 h6 18.
Be3 b5 19. Re1 e5 20. Ne2 Be6 21. Qc2 Nd5 22. Bd2 Nb4 23. Qd1 Bg5 24. Nd4 Nd3 25.
Nxe6 fxe6 26. Bxg5 hxg5 27. Qe2 Nxe1 28. Rxe1 Rf8 29.
Be4 Qf7 30. Kg2 Qf6 31. Rd1 b4 32. c4 Rbd8 33. Rxd8 Rxd8 34. c5 Rf8 35. c6 Rf7 36.
Qc2 Qe7 37. Qd3 Qc7 38. Qc4 Qb6 39. f3 g4 40. Qxe6 gxf3+ 41. Bxf3 Qd4 42. Bd5 Qf2+ 43. Kh3 Qf1+ 44. Kh4 g5+ 45. Kh5 Qe2+ 46. Kxg5 Qe3+ 47. Kg6 Qd3+ 48. Kh5 Qe2+ 49. Kg5 1-0

[Event "Late-Titled-Tuesday-Blitz-June-04-2024"]
[Site "Chess.com"]
[Date "2024.06.04"]
[Round "2"]
[White "The_Straightforward_Rook"]
[Black "sokidze"]
[Result "1-0"]
[WhiteElo "2555"]
[BlackElo "2795"]
[TimeControl "180+1"]
[EndTime "14:18:08 PDT"]
[Termination "The_Straightforward_Rook won by resignation"]

1. d4 d5 2. Nf3 Nf6 3. c4 e6 4. cxd5 exd5 5. Nc3 c6 6. Qc2 g6 7. Bg5 Be7 8. e3 Bf5 9. Bd3 Bxd3 10. Qxd3 Nbd7 11. Bh6 Ng4 12. Bf4 O-O 13. h3 Ngf6 14.
O-O Re8 15. Qc2 Nf8 16. a3 a5 17. Ne5 Ne6 18. Bh2 Bd6 19. Rad1 Qc7 20. f4 Ng7 21. g4 Nd7 22. Nxd5 cxd5 23. Qxc7 Bxc7 24. Nxd7 Kh8 25. Rc1 Bd6 26. Ne5 Kg8 27. Rc3 f6 28.
Nd7 Kf7 29. Nb6 Rad8 30. Nxd5 f5 31. Nb6 Ne6 32. Kf2 Nc7 33. Rfc1 Re7 34. Nc4 Nd5 35. Rb3 Nf6 36. Nd2 Rde8 37. g5 Nd5 38. Nc4 Bb8 39. Bg1 h6 40. gxh6 Rh8 41. Ne5+ Bxe5 42.
dxe5 Rxh6 43. Rb5 Ke6 44. Rd1 Rd7 45. Kg3 Rh5 46. h4 Rhh7 47. Bf2 Rh8 48. Rxa5 Rc8 49. Kf3 Rc2 50. Rb5 Rc4 51. Rg1 Kf7 52. e6+ Kxe6 53.
Rxg6+ Kf7 54. h5 Ne7 55. Rgb6 Rc2 56. Rxb7 Rxb7 57. Rxb7 Ke6 58. h6 Ng6 59. h7 Rc8 60. Rg7 Kf6 61. Rg8 1-0

[Event "Late-Titled-Tuesday-Blitz-June-04-2024"]
[Site "Chess.com"]
[Date "2024.06.04"]
[Round "2"]
[White "Lennis93"]
[Black "sari07"]
[Result "1-0"]
[WhiteElo "2744"]
[BlackElo "2359"]
[TimeControl "180+1"]
[EndTime "14:18:08 PDT"]
[Termination "Lennis93 won by checkmate"]

1. b3 e5 2. Bb2 Nc6 3. e3 d5 4. Bb5 Ne7 5. Bxe5 a6 6. Bxc6+ Nxc6 7. Bb2 Qg5 8. Qf3 Nb4 9. Na3 Bf5 10. Nh3 Qg6 11. Nf4 Qd6 12. O-O O-O-O 13. d3 h5 14. Nxh5 Bg6 15. Ng3 Be7 16. Bxg7 Rh7 17. Bc3 f6 18.
Rfc1 Rdh8 19. h3 Qe6 20. Nb1 Bd6 21. Nd2 Nc6 22. d4 Rg8 23. Ndf1 Be4 24. Qe2 Ne7 25. Be1 Nf5 26. c4 Nh4 27. f3 Bxf3 28. gxf3 Qxh3 29.
f4 Rhg7 30. Rc2 Rxg3+ 31. Nxg3 Rxg3+ 32. Bxg3 Qxg3+ 33. Kf1 Bxf4 34. exf4 Qxf4+ 35. Qf2 Qe4 36. Re1 Qh1+ 37. Ke2 Qe4+ 38. Kd1 Qd3+ 39. Kc1 Nf5 40.
cxd5 Nxd4 41. Rd2 Qc3+ 42. Kb1 Nb5 43. Qf5+ Kb8 44. a4 Na3+ 45. Ka2 Qb4 46. Re8+ Ka7 47. Qf2+ b6 48. Qe2 Nc4 49. Qxc4 Qa3+ 50. Kxa3 b5 51.
Qc5+ Kb7 52. Qc6+ Ka7 53. Ra8# 1-0

[Event "Late-Titled-Tuesday-Blitz-June-04-2024"]
[Site "Chess.com"]
[Date "2024.06.04"]
[Round "2"]
[White "Umumba_FM"]
[Black "Kapitan_Bayan"]
[Result "1/2-1/2"]
[WhiteElo "2586"]
[BlackElo "2358"]
[TimeControl "180+1"]
[EndTime "14:18:13 PDT"]
[Termination "Game drawn by stalemate"]

1. d4 d5 2. Nc3 Nf6 3. Bf4 c5 4. e3 cxd4 5. exd4 Bg4 6. Nf3 Nc6 7. Be2 e6 8. O-O Bd6 9. Ne5 Bxe2 10. Nxe2 O-O 11. c3 Qc7 12. Nxc6 Bxf4 13. Nxf4 Qxc6 14. Nd3 Rac8 15. Re1 Ne4 16. f3 Nd6 17. Ne5 Qc7 18. Qd3 Nc4 19. Re2 Nxe5 20. Rxe5 Qc4 21. Qxc4 Rxc4 22.
f4 g6 23. g4 b5 24. a3 a5 25. Re3 b4 26. axb4 axb4 27. f5 bxc3 28. bxc3 exf5 29.
gxf5 gxf5 30. Kf2 Rfc8 31. Ra3 Kg7 32. Kf3 Kf6 33. Kf4 Rg8 34. Ra6+ Kg7 35. Kxf5 Rgc8 36. Rg3+ Kf8 37. Ra3 Re8 38. h4 Re4 39. h5 h6 40. Ra8+ Ke7 41. Ra7+ Kf8 42. Ra6 Re1 43. Rxh6 Rc1 44. Kf6 Rc6+ 45. Kg5 R1xc3 46. Rxc6 Rxg3+ 47. Kf5 Rh3 48. h6 Kg8 49. Ke5 Rh5+ 50. Kf4 Kh7 51. Rf6 Rxh6 52. Rxf7+ Kg8 53. Rd7 Rh5 54. Re7 Kf8 55.
Re5 Rxe5 56. Kxe5 Ke7 57. Kxd5 Kd7 58. Ke5 Ke7 59. Ke4 Kd6 60. d5 Kd7 61. Kd4 Kd6 62.
Ke4 Kd7 63. Ke5 Ke7 64. d6+ Kd7 65. Kd5 Kd8 66. Ke6 Ke8 67. d7+ Kd8 68. Kd6 1/2-1/2

[Event "Late-Titled-Tuesday-Blitz-June-04-2024"]
[Site "Chess.com"]
[Date "2024.06.04"]
[Round "2"]
[White "AndresDelgado77"]
[Black "HowTo2Draw"]
[Result "0-1"]
[WhiteElo "2349"]
[BlackElo "2592"]
[TimeControl "180+1"]
[EndTime "14:18:14 PDT"]
[Termination "HowTo2Draw won by resignation"]

1. e4 c6 2. Nc3 d5 3. Qf3 dxe4 4. Nxe4 Nf6 5. Bc4 e6 6. d3 Be7 7. Qg3 O-O 8. Nf3 b5 9. Bb3 a5 10. a3 a4 11. Ba2 b4 12. axb4 Bxb4+ 13. Kf1 Nxe4 14.
Qf4 f5 15. Qe3 Bc5 16. Qe2 Ba6 17. Bxe6+ Kh8 18. h4 Qf6 19. Ng5 Bxf2 20. Rh3 Ng3+ 21. Rxg3 Bxg3 22. Qh5 Qg6 23. Nf7+ Rxf7 24. Bxf7 Qxh5 25. Bxh5 Bxh4 26. Bf3 Ra7 27. Rxa4 Bxd3+ 28. cxd3 Rxa4 29. Ke2 Bf6 30. Bf4 Ra2 31. Kd1 Rxb2 32. g3 g6 33. Bd6 Kg7 34. Kc1 Rb6 35. Bc7 Rb7 36. Bd6 Be7 37. Kc2 Bxd6 38. Kc3 Re7 39. Kc4 Re3 40. d4 Rxf3 41. d5 cxd5+ 42. Kxd5 Rxg3 43.
Ke6 h5 44. Kd5 h4 45. Ke6 h3 46. Kd5 h2 47. Ke6 Re3+ 48. Kd5 h1=Q+ 49. Kd4 Qd1+ 50.
Kxe3 f4+ 51. Ke4 Qe2+ 52. Kd5 Qe5+ 53. Kc4 f3 0-1

[Event "Late-Titled-Tuesday-Blitz-June-04-2024"]
[Site "Chess.com"]
[Date "2024.06.04"]
[Round "2"]
[White "MiguelBestard1981"]
[Black "isla88"]
[Result "1-0"]
[WhiteElo "2209"]
[BlackElo "2450"]
[TimeControl "180+1"]
[EndTime "14:18:14 PDT"]
[Termination "MiguelBestard1981 won on time"]

1. d4 Nf6 2. Bf4 c5 3. e3 d5 4.
c3 Nc6 5. Nd2 e6 6. Bd3 Bd6 7.
Bxd6 Qxd6 8. f4 cxd4 9. cxd4 b6 10. a3 Ne7 11. Ngf3 Ng6 12. Ne5 O-O 13. h4 Nd7 14. h5 Ngxe5 15. fxe5 Qe7 16. h6 g6 17. Qg4 f5 18. Qh4 Qxh4+ 19. Rxh4 Kf7 20. Nf3 Re8 21. Ng5+ Kg8 22. Bb5 Re7 23. Bxd7 Bxd7 24. Rc1 Rc8 25. Rxc8+ Bxc8 26. Kd2 Bd7 27. Rh1 Bc6 28. Rc1 Bb7 29. Rc3 Kf8 30. g3 Ke8 31.
Kc2 Kd7 32. Kb3 Bc6 33. Kb4 a5+ 34. Kb3 Kc7 35. Kc2 Kb7 36. b4 Ba4+ 37. Kb2 axb4 38. axb4 Bb5 39. Kb3 Bc4+ 40. Rxc4 dxc4+ 41. Kxc4 Rc7+ 42. Kd3 Rc1 43. Nxe6 Rh1 44. Ng5 Kc6 45. e6 Kd6 46. d5 Rh5 47. Nf7+ Ke7 48. Kd4 Kf6 49. Kc4 g5 50. Kb5 f4 51. Kc6 fxe3 52. d6 e2 53. d7 e1=Q 54. d8=Q+ Kf5 55. Qd5+ Kg4 56. Ne5+ Kh3 57. e7 Rxh6+ 58. Kd7 Qxb4 59. e8=Q Qa4+ 60. Kd8 Qa7 61. Qed7+ 1-0

[Event "Late-Titled-Tuesday-Blitz-June-04-2024"]
[Site "Chess.com"]
[Date "2024.06.04"]
[Round "2"]
[White "TimGrutter03"]
[Black "mac0504"]
[Result "0-1"]
[WhiteElo "2523"]
[BlackElo "2749"]
[TimeControl "180+1"]
[EndTime "14:18:15 PDT"]
[Termination "mac0504 won by resignation"]

1. c4 b6 2. Nf3 Bb7 3. g3 Bxf3 4. exf3 c5 5. Bg2 Nc6 6. Nc3 e6 7. f4 Rc8 8. O-O g6 9. Re1 Bg7 10. Nb5 Qe7 11. Qa4 a5 12. Nc3 Nf6 13. d3 O-O 14.
Nb5 Ne8 15. Rb1 Nd6 16. Be3 Nf5 17. Bd2 h5 18. Bc3 Ncd4 19. Nxd4 Nxd4 20. a3 h4 21. Qd1 hxg3 22. hxg3 Qd6 23. Qd2 Nb3 24. Qc2 Nd4 25. Qd2 Bf6 26. b4 axb4 27. axb4 Kg7 28. bxc5 bxc5 29. Rb7 Rb8 30. Reb1 Rxb7 31. Rxb7 Rh8 32. Ba5 Nf5 33. Rb6 Qd4 34. Kf1 Rh2 35. Rb3 Qa1+ 36.
Qe1 Qa2 37. Rb7 Bd4 38. Bc3 Nxg3+ 39. Kg1 Rxg2+ 40. Kxg2 Qa8 41. Bxd4+ cxd4 42. fxg3 Qxb7+ 43. Kf2 Qb2+ 44. Kf3 Qc3 45. Qe5+ f6 46. Qe4 Kf7 47.
g4 f5 48. gxf5 gxf5 49. Qe2 Ke7 50. Kf2 Qc1 51. Kf3 Qh1+ 52. Kg3 Qg1+ 53. Kf3 Qg4+ 54.
Kf2 Qxe2+ 55. Kxe2 Kd6 56. Kd2 Kc5 57. Kc2 Kb4 58.
Kb2 d6 59. Kc2 Ka3 60. Kd2 Kb2 0-1

[Event "Late-Titled-Tuesday-Blitz-June-04-2024"]
[Site "Chess.com"]
[Date "2024.06.04"]
[Round "2"]
[White "egnfanclub"]
[Black "traviscottofficial"]
[Result "1-0"]
[WhiteElo "2367"]
[BlackElo "2673"]
[TimeControl "180+1"]
[EndTime "14:18:15 PDT"]
[Termination "egnfanclub won by resignation"]

1. e4 c6 2. d4 d5 3. exd5 cxd5 4. c4 Nf6 5. Nc3 Nc6 6. Nf3 e6 7. cxd5 Nxd5 8. Bd3 Be7 9. O-O Bf6 10. Re1 O-O 11. a3 g6 12. Bh6 Re8 13. Be4 Nde7 14. d5 Bxc3 15. bxc3 exd5 16. Bxd5 Nxd5 17. Qxd5 Rxe1+ 18. Rxe1 Bg4 19. Qe4 Bf5 20. Qe3 Qd7 21. Nd4 Nxd4 22. cxd4 Qe6 23. Qc3 Qf6 24. Bf4 Rc8 25. Qe3 Qe6 26. h3 Qxe3 27. Rxe3 Be6 28. Be5 b5 29. Bf6 a5 30. Re5 Rb8 31. d5 Bd7 32. Re7 Rb7 33. Bc3 Kf8 34. d6 b4 35. axb4 axb4 36. Bxb4 Rxb4 37. Rxd7 Rd4 38. Rd8+ Kg7 39. f4 Kf6 40. Kf2 Rxf4+ 41. Ke3 Ra4 42. Rh8 Ra7 43. Rxh7 Rd7 44. g4 Rxd6 45. h4 Rd7 46. Ke4 Ra7 47. g5+ Ke6 48. h5 Ra4+ 49. Kf3 Rh4 50. hxg6 Ra4 51.
g7 Ra3+ 52. Kg4 Ra4+ 53. Kf3 Ra3+ 54. Ke2 Ra2+ 55. Kd3 Ra3+ 56. Kc4 Ra8 57. Rh8 1-0

[Event "Late-Titled-Tuesday-Blitz-June-04-2024"]
[Site "Chess.com"]
[Date "2024.06.04"]
[Round "2"]
[White "pavelalexandru07"]
[Black "dasatcu90"]
[Result "0-1"]
[WhiteElo "2459"]
[BlackElo "2242"]
[TimeControl "180+1"]
[EndTime "14:18:15 PDT"]
[Termination "dasatcu90 won by resignation"]

1. e4 c6 2. d4 d5 3. e5 Bf5 4.
Nd2 h5 5. Nb3 e6 6. Be2 h4 7. h3 Nd7 8. Nf3 Be4 9. O-O Bxf3 10. Bxf3 Nh6 11. a4 Nf5 12. a5 c5 13. c3 c4 14. Nd2 Be7 15. Re1 Nb8 16. b3 cxb3 17.
Qxb3 Qc7 18. Bb2 Nc6 19. a6 bxa6 20. Rxa6 Rb8 21. Qa2 O-O 22. Ba3 Rb6 23. Bxe7 Qxe7 24. Rxb6 axb6 25. Rb1 Qc7 26. Qa6 Rb8 27. Bg4 Nfe7 28.
Nf3 Na5 29. Qd3 Qc4 30. Qxc4 Nxc4 31. Nxh4 b5 32. Be2 Nc6 33. Nf3 Na3 34. Rb3 Nc4 35. Bd3 Kf8 36. Kf1 Ke7 37. Ke2 f6 38. exf6+ gxf6 39. Nd2 e5 40. dxe5 fxe5 41. Bxc4 dxc4 42. Ra3 Kd6 43. Ra6 Kd5 44. Ra1 b4 45. cxb4 Rxb4 46. Rc1 Na5 47. h4 Rb2 48. Ke1 Nb3 49. Nxc4 Ra2 50.
Ne3+ Ke4 51. h5 Nxc1 52. h6 Nd3+ 53. Kf1 Rxf2+ 54. Kg1 Kxe3 55. h7 Rf8 56. g4 Rh8 57. Kg2 Rxh7 58. Kg3 Rg7 59. g5 Rxg5+ 60. Kh4 e4 61. Kxg5 Kf3 62. Kf5 e3 63. Ke6 e2 64.
Kd5 e1=Q 65. Kc6 Qe3 66. Kb5 Nf2 67. Ka6 Ke2 68. Kb7 Kd2 69. Ka8 Kc2 0-1

[Event "Late-Titled-Tuesday-Blitz-June-04-2024"]
[Site "Chess.com"]
[Date "2024.06.04"]
[Round "2"]
[White "arnoldpetra"]
[Black "JEIGOTH"]
[Result "0-1"]
[WhiteElo "2498"]
[BlackElo "2343"]
[TimeControl "180+1"]
[EndTime "14:18:16 PDT"]
[Termination "JEIGOTH won by resignation"]

1. d4 Nf6 2. c3 d5 3. Nf3 e6 4. Bf4 c5 5. e3 Nc6 6. Nbd2 Qb6 7. Qb3 c4 8. Qc2 Nh5 9. Bg3 Nxg3 10. hxg3 h6 11. b3 cxb3 12. axb3 Be7 13. Be2 Qc7 14. O-O O-O 15. c4 Nb4 16. Qc3 b6 17. Rfc1 Bb7 18. c5 bxc5 19. dxc5 Nc6 20. b4 a6 21. Rab1 Bf6 22. Nd4 e5 23. Nxc6 Bxc6 24. Nb3 Bb5 25. Bxb5 axb5 26. Ra1 Qc6 27. Rxa8 Rxa8 28. Na5 Qc7 29.
c6 Ra6 30. Qc5 d4 31. Qxb5 Rb6 32. Qc5 dxe3 33. fxe3 Be7 34. Qd5 Bxb4 35. Nb7 Rxb7 36. Rb1 Rb6 37. Qd7 Qxc6 38. Qxc6 Rxc6 39. Rxb4 Rc3 40.
Kf2 f6 41. g4 Kh7 42. Kf3 Kg6 43. Rb7 Rc4 44. Rd7 Kh7 45. Re7 Kg6 46. Rd7 Ra4 47. Rb7 Ra8 48. Ke4 Ra2 49. g3 Rg2 50.
Kf3 Rg1 51. g5 hxg5 52. Kg4 Ra1 53. Rb4 Ra7 54. Rb5 f5+ 55. Kf3 Re7 56. Rb6+ Kf7 57.
Rc6 Re6 58. Rc7+ Kf6 59. Rc8 g4+ 60. Ke2 Ra6 61. Rf8+ Kg5 62. Re8 e4 63. Rg8 Ra2+ 64. Kf1 g6 65. Rf8 Ra3 66. Kf2 Ra2+ 67. Kf1 Rd2 68.
Ke1 Rg2 69. Kf1 Rxg3 70. Kf2 Rf3+ 71. Ke2 g3 72. Rc8 g2 73. Rc1 Rf1 74. Rxf1 gxf1=Q+ 75. Kxf1 Kg4 76. Kf2 f4 77. exf4 Kxf4 78. Ke2 e3 79. Ke1 Kf3 80. Kf1 e2+ 81. Ke1 g5 82. Kd2 Kf2 83.
Kd3 e1=Q 84. Kd4 Qe3+ 85. Kd5 g4 86. Kd6 g3 87. Kd7 g2 88. Kd6 0-1

[Event "Late-Titled-Tuesday-Blitz-June-04-2024"]
[Site "Chess.com"]
[Date "2024.06.04"]
[Round "2"]
[White "cristiano78"]
[Black "slidingknight2775"]
[Result "0-1"]
[WhiteElo "2240"]
[BlackElo "2659"]
[TimeControl "180+1"]
[EndTime "14:18:17 PDT"]
[Termination "slidingknight2775 won on time"]

1. d4 Nf6 2. c4 e6 3. Nf3 d5 4. Nc3 c6 5. Bg5 h6 6. Bxf6 Qxf6 7. Rc1 g6 8. e4 Qd8 9. cxd5 exd5 10. exd5 cxd5 11. Bb5+ Nc6 12. Ne5 Bd7 13. Nxd5 Bg7 14.
O-O O-O 15. Bxc6 Bxc6 16. Nxc6 bxc6 17. Nb4 Qxd4 18. Nxc6 Qxb2 19. Rc2 Qa3 20. Qd5 Rae8 21. Rd1 Kh7 22. g3 Rc8 23. Rd3 Qa4 24. Rb3 Qg4 25. Kg2 Rc7 26. Rc4 Qc8 27. Nxa7 Qd7 28. Qxd7 Rxd7 29.
Nb5 Ra8 30. a4 Rd2 31. Rf3 f5 32. Nc7 Ra7 33. Ne6 Bf6 34. h4 h5 35. Rb3 Ra2 36. Nf4 R2xa4 37. Rxa4 Rxa4 38. Rb7+ Kh6 39. Rb6 Rxf4 40.
gxf4 Bxh4 41. Kf3 Kg7 42. Rb7+ Kh6 43. Rd7 Bf6 44. Rd6 Bh4 45. Kg2 Be7 46. Re6 Bd8 47. Kg3 Bc7 48. Re7 Bb8 49. Re8 Bd6 0-1

[Event "Late-Titled-Tuesday-Blitz-June-04-2024"]
[Site "Chess.com"]
[Date "2024.06.04"]
[Round "2"]
[White "Kirill_Klukin"]
[Black "Heliosis11"]
[Result "1-0"]
[WhiteElo "2817"]
[BlackElo "2404"]
[TimeControl "180+1"]
[EndTime "14:18:17 PDT"]
[Termination "Kirill_Klukin won by resignation"]

1. e4 c5 2. Nf3 e6 3. d4 cxd4 4. Qxd4 Nc6 5. Qd3 Nf6 6. Nc3 Bb4 7. Bd2 O-O 8. Be2 b6 9. a3 Be7 10. O-O-O Bb7 11. Bg5 d6 12. Bxf6 Bxf6 13. Qxd6 Bxc3 14. Qxd8 Bxb2+ 15. Kxb2 Raxd8 16. Bd3 f6 17. Rhe1 e5 18. Nd2 Nd4 19. f3 g6 20. Nc4 Kg7 21. Ne3 Rc8 22. Bc4 Rfd8 23. c3 Nc6 24. Bd5 Na5 25. c4 Ba6 26. Be6 Rxd1 27. Rxd1 Rc7 28. Rc1 Nc6 29. Nc2 Re7 30. Bd5 Bb7 31. Nb4 Nd4 32. c5 bxc5 33. Rxc5 Bxd5 34. exd5 Kf7 35. Kc3 f5 36.
Kd3 Rd7 37. Ra5 Ne6 38. Ke3 Nf4 39. g3 Nh5 40. Nc6 f4+ 41. Kf2 Kf6 42. Nxa7 fxg3+ 43. hxg3 Ng7 44. Nc6 Nf5 45. Nb4 Nd4 46. Ra6+ Kf5 47.
Ke3 h5 48. Ra8 Kg5 49. Re8 Nf5+ 50. Kf2 Ne7 51. a4 Nxd5 52. Rxe5+ Kf6 53. Rxd5 Ra7 54. a5 Ke6 55. Rb5 1-0

[Event "Late-Titled-Tuesday-Blitz-June-04-2024"]
[Site "Chess.com"]
[Date "2024.06.04"]
[Round "2"]
[White "SaraciNderim"]
[Black "Maus7"]
[Result "1-0"]
[WhiteElo "2901"]
[BlackElo "2562"]
[TimeControl "180+1"]
[EndTime "14:18:19 PDT"]
[Termination "SaraciNderim won on time"]

1. b3 Nf6 2. Bb2 g6 3. Nf3 Bg7 4. e3 d6 5. d4 O-O 6. c4 Nbd7 7. Be2 b6 8. O-O Bb7 9. Nc3 e5 10. dxe5 dxe5 11. Qc2 e4 12. Nd4 Qe7 13. Rad1 Rfd8 14. h3 Ne5 15. Rd2 c5 16. Ndb5 Rxd2 17. Qxd2 a6 18. Qd6 Re8 19. Qxe7 Rxe7 20. Nd6 Bc6 21. Rd1 Rc7 22. Nd5 Nxd5 23. cxd5 Bd7 24. Nxe4 Nf3+ 25. Bxf3 Bxb2 26. d6 Ra7 27. Nd2 b5 28.
Bd5 Kg7 29. Ne4 Ba3 30. Rd2 f5 31. Ng5 h6 32. Ne6+ Kf6 33. Nf4 a5 34. Rc2 Ra6 35. Nd3 Rxd6 36. e4 fxe4 37. Bxe4 Bc6 38. Bxc6 Rxc6 39. Kf1 c4 40. bxc4 bxc4 41. Ne1 Ke5 42.
Ke2 Kd5 43. Nf3 Re6+ 44. Kd1 Bb4 45. Re2 Rd6 46. Kc2 Kc6 47. Re4 Kb5 48. Re2 g5 49. Ne5 Re6 50. Kd1 Bc3 51. Ng4 Rd6+ 52. Kc2 Bb4 53.
Ne3 Rd3 54. Nf5 Rc3+ 55. Kd1 h5 56. Re3 1-0

[Event "Late-Titled-Tuesday-Blitz-June-04-2024"]
[Site "Chess.com"]
[Date "2024.06.04"]
[Round "2"]
[White "MikeSailer"]
[Black "Jahonas"]
[Result "0-1"]
[WhiteElo "2127"]
[BlackElo "2450"]
[TimeControl "180+1"]
[EndTime "14:18:20 PDT"]
[Termination "Jahonas won on time"]

1. d4 c6 2. Nf3 d5 3. g3 Bf5 4. Bg2 h6 5. O-O e6 6. c4 Nf6 7. Bf4 Bd6 8. Ne5 dxc4 9. Nxc4 Bxf4 10. gxf4 O-O 11. Nc3 Nd5 12. e3 Nd7 13. Nd6 Nxc3 14. bxc3 Qc7 15. Nxf5 exf5 16. Qc2 g6 17. a4 Rac8 18.
a5 Nf6 19. c4 Rfe8 20. Rfb1 Ne4 21. Rb3 Rb8 22. c5 Re7 23. Qa2 Kh7 24. Rab1 a6 25. Bf1 g5 26. fxg5 hxg5 27. Bxa6 Qd8 28. Bd3 Ra8 29.
Bxe4 fxe4 30. Rxb7 Rxa5 31. Qxa5 Qxa5 32. Rxe7 Qa2 33.
Rbb7 Kg6 34. Rxf7 Qe2 35. h3 Qd1+ 36. Kg2 g4 37. Rg7+ Kf6 38. Rxg4 Qf3+ 39. Kg1 Qxh3 40. Rf4+ Ke6 41. Rbf7 Kd5 42. R7f5+ Kc4 43. Rf6 Kd3 44. d5 cxd5 45. c6 Qh7 46. Rf7 Qg6+ 47. Kf1 Qxc6 48. R4f6 Qc1+ 49. Kg2 Qd1 50. Rf4 Qh5 51. R4f5 Qg4+ 52. Kf1 Qd1+ 53. Kg2 Qg4+ 54. Kh2 d4 55. exd4 Qh4+ 56. Kg2 Qg4+ 57. Kf1 Qh3+ 58. Kg1 Qg4+ 59. Kf1 Kxd4 60. Rf4 Qh3+ 61. Kg1 Kd3 62. Rd7+ Qxd7 0-1

[Event "Late-Titled-Tuesday-Blitz-June-04-2024"]
[Site "Chess.com"]
[Date "2024.06.04"]
[Round "2"]
[White "Kacparov"]
[Black "ericovski"]
[Result "1/2-1/2"]
[WhiteElo "2907"]
[BlackElo "2587"]
[TimeControl "180+1"]
[EndTime "14:18:22 PDT"]
[Termination "Game drawn - insufficient material"]

1. e4 c6 2. d4 d5 3. e5 Bf5 4.
Nf3 e6 5. Be2 c5 6. O-O Nc6 7.
Be3 cxd4 8. Nxd4 Nge7 9. c4 Nxd4 10. Bxd4 Nc6 11. cxd5 Qxd5 12. Bc3 Qxd1 13. Rxd1 Be7 14.
Bf3 Rd8 15. Rxd8+ Bxd8 16. Nd2 Bc7 17. Nc4 O-O 18. Rd1 Rd8 19. Rxd8+ Nxd8 20. Bd4 a6 21. Nd6 Nc6 22. Bc5 Nxe5 23. Bxb7 Nd3 24. Ba3 a5 25. Nxf5 exf5 26. Ba6 Nb4 27. Bc4 Be5 28. Kf1 Kf8 29. Ke2 Ke8 30. Bb3 Bxh2 31. g3 f4 32. g4 f3+ 33. Kxf3 Be5 34. Ke4 Bd6 35. f4 f6 36. Bg8 h6 37. Kf5 Ke7 38. Bc4 g5 39. fxg5 hxg5 40. Ke4 Nc6 41. Bxd6+ Kxd6 42. Kf5 Ke7 43. a3 a4 44. Ke4 Ne5 45. Be2 Kd6 46. Kf5 Ke7 47. Bb5 Nf7 48. Bxa4 Nh6+ 49. Ke4 Nxg4 50. b4 Kd6 51. Kf5 Ne3+ 52. Ke4 Nc4 53. Kf5 Nxa3 54. Kxf6 g4 55. Bd1 g3 56. Bf3 Nc2 57.
Kg5 Nxb4 58. Kf4 Nd3+ 59. Kxg3 1/2-1/2